 Dungeon Crawl Stone Soup version 0.20.1-1-g8b1a95d (webtiles) character file.

226178 Gargoyl the Tortoise (level 18, -4/183 HPs)
             Began as a Minotaur Abyssal Knight on Aug 1, 2017.
             Was the Champion of Lugonu.
             Shot with a bolt by a yaktaur captain (27 damage)
             ... on level 2 of the Vaults.
             The game lasted 01:20:11 (41614 turns).

Gargoyl the Tortoise (Minotaur Abyssal Knight)     Turns: 41614, Time: 01:20:11

Health: -4/183     AC: 30    Str: 24    XL:     18   Next: 64%
Magic:  28/28      EV: 12    Int: 13    God:    Lugonu [******]
Gold:   1790       SH: 12    Dex: 21    Spells: 17/17 levels left

rFire    + . .     SeeInvis .   Z - +2 broad axe (venom)
rCold    . . .     Gourm    .   b - +3 buckler
rNeg     + + .     Faith    .   T - +0 plate armour "Bentod" {rF+ Str+2}
rPois    +         Spirit   .   (helmet unavailable)
rElec    .         Reflect  .   u - +2 cloak of the Everdark {rPois Dex+6}
rCorr    +         Harm     .   t - +2 pair of gloves of Music {Int+4}
MR       +....                  p - +1 pair of boots
Stlth    ..........             O - amulet of magic regeneration
Regen    0.4/turn               M - ring "Lemnos" {rCorr rN++ Slay+3}
MPRegen  0.4/turn               P - ring "Dohaxkumm" {Str+2 Slay+3}

@: about to teleport, marked
A: retaliatory headbutt, horns 3, robust 1
}: 1/15 runes: gossamer
a: Depart the Abyss, Bend Space, Banish, Corrupt, Enter the Abyss, Brand Weapon
With Distortion, Renounce Religion


You were on level 2 of the Vaults.
You worshipped Lugonu.
Lugonu was exalted by your worship.
You were not hungry.

You visited 6 branches of the dungeon, and saw 30 of its levels.
You visited the Abyss 2 times.

You collected 3049 gold pieces.
You spent 1259 gold pieces at shops.

Inventory:

Hand Weapons
 w - a +0 broad axe
 L - a +4 war axe of venom
 Q - a +2 war axe of flaming
 Z - a +2 broad axe of venom (weapon)
Missiles
 R - 3 javelins (quivered)
Armour
 b - a +3 buckler (worn)
 p - a +1 pair of boots (worn)
 t - the +2 pair of gloves of Music (worn) {Int+4}
   (You found it on level 1 of the Spider Nest)

   It affects your intelligence (+4).
 u - the +2 cloak of the Everdark (worn) {rPois Dex+6}
   (You acquired it on level 15 of the Dungeon)

   It affects your dexterity (+6).
   It protects you from poison.
 T - the +0 plate armour "Bentod" (worn) {rF+ Str+2}
   (You acquired it on level 13 of the Dungeon)

   It affects your strength (+2).
   It protects you from fire.
Jewellery
 g - an uncursed ring of positive energy
 A - an uncursed ring of flight
 M - the ring "Lemnos" (left hand) {rCorr rN++ Slay+3}
   (You found it on level 2 of the Spider Nest)

   [ring of resist corrosion]

   It affects your accuracy and damage with ranged weapons and melee attacks
   (+3).
   It greatly protects you from negative energy.
 O - an amulet of magic regeneration (around neck)
 P - the ring "Dohaxkumm" (right hand) {Str+2 Slay+3}
   (You found it on level 10 of the Dungeon)

   [ring of strength]

   It affects your strength (+2).
   It affects your accuracy and damage with ranged weapons and melee attacks
   (+3).
Wands
 v - a wand of acid (10/15)
 x - a wand of confusion (28/48)
 y - a wand of digging (13/24)
 I - a wand of paralysis (13/24)
Scrolls
 d - 3 scrolls of magic mapping
 f - 2 scrolls of fog
 o - a scroll of holy word
 s - 12 scrolls of teleportation
 z - 7 scrolls of blinking
 D - 5 scrolls of identify
 F - 8 scrolls of remove curse
 G - 3 scrolls of fear
 K - a scroll of silence
 N - a scroll of acquirement
 V - a scroll of recharging
Potions
 e - 2 potions of flight
 h - 10 potions of curing
 i - 6 potions of might
 j - 3 potions of haste
 k - 5 potions of mutation
 m - a potion of cancellation
 n - 4 potions of berserk rage
 q - a potion of invisibility
 C - 5 potions of agility
 E - 8 potions of brilliance
 H - a potion of resistance
 J - 2 potions of ambrosia
 S - 3 potions of heal wounds
Comestibles
 a - 7 chunks of flesh
 c - 8 bread rations
 l - 12 meat rations
 r - 12 fruits
 B - 11 royal jellies


   Skills:
 + Level 16.3 Fighting
 + Level 18.4 Axes
 + Level 1.6 Throwing
 * Level 20.4 Armour
 + Level 5.2 Dodging
 + Level 14.8 Shields
 * Level 14.8 Invocations
 + Level 0.5 Evocations


You had 17 spell levels left.
You didn't know any spells.

Dungeon Overview and Level Annotations

Branches:
Dungeon (15/15)            Temple (0/1) D:7            Lair (6/6) D:9
 Shoals (0/4) Lair:4       Spider (4/4) Lair:4        Slime (1/5) Lair:6
    Orc (2/2) D:11            Elf (0/3) Orc:2        Vaults (2/5) D:14
 Depths (0/5) D:15
  Crypt: Vaults:2-3

Altars:
Ashenzari
Dithmenos
Gozag
Makhleb
Okawaru
Qazlal
Trog
Uskayaw
Yredelemnul
The Shining One

Shops:
D:4 [   D:13 *   D:14 *?(?   Orc:2 ([:(   Vaults:2 ((

Annotations:
Abyss:1 Nikola


Innate Abilities, Weirdness & Mutations

You reflexively headbutt those who attack you in melee.
You have a pair of large horns on your head.
You are robust. (+10% HP)


Message History

Unknown command.
As you read the scroll of teleportation, it crumbles to dust.
You feel strangely unstable.
You kill the redback!
Lugonu accepts your kill.
The yaktaur captain shoots a bolt.
The bolt hits you!!
* * * LOW HITPOINT WARNING * * *
The bolt burns you.
* * * LOW HITPOINT WARNING * * *
The slime creature hits you but does no damage.
A slime creature comes into view.
You slash the slime creature!
The slime creature is poisoned.
Your headbutt misses the slime creature.
The slime creature is heavily wounded.
You slash the yaktaur!
The yaktaur is poisoned.
The deep elf knight casts a spell.
The deep elf knight seems to speed up.
The slime creature hits you but does no damage.
The yaktaur captain shoots a bolt.
The bolt hits you!!
You die...

......#...........
#...#.#............
.... #............
#####'###..)........
#..........(........
#.....e...(.(....##
#......J((..(....#
#.....c.(().(c...#
#..#######(.(@)..#
####..# #.())J..#
......# #...(...#
......#... #.......#
##....'.# #.......#
[##...#....
#####J..#
..#...#..#.# ..J#
<.##..# .... ...#
..##..# ###.


You could see a yaktaur captain, 4 slime creatures, a deep elf knight and a
yaktaur.

Vanquished Creatures
  Arachne (Spider:3)
  An iron giant (shapeshifter) (Vaults:1)
  Asterion (Vaults:1)
  Kirke (Spider:3)
  A sphinx (Vaults:1)
  Roxanne (D:14)
  2 fire giants
  5 ghost moths
  2 vault wardens (Vaults:1)
  Louise (D:14)
  An orc warlord (Orc:2)
  3 emperor scorpions (Spider:4)
  A stone giant (Vaults:2)
  5 entropy weavers
  7 ironheart preservers
  The ghost of Nattfarinn the Warrior, a journeyman MiBe of Trog (D:15)
  4 spark wasps
  2 yaktaur captains (Vaults:1)
  A fire dragon (Vaults:1)
  Josephine (D:13)
  7 slime creatures
  A great orb of eyes (Vaults:1)
  3 rakshasas
  5 vault guards
  A hydra (Lair:1)
  Erolcha (D:12)
  16 two-headed ogres
  Erica (D:10)
  5 centaur warriors
  2 tengu warriors
  14 death yaks
  A queen ant (Spider:1)
  2 ogre magi (Vaults:1)
  Urug (Lair:2)
  3 orc high priests (Orc:2)
  Nergalle (D:10)
  A wretched star (Abyss:1)
  A fire crab (shapeshifter) (Vaults:1)
  The ghost of Zaque the Destroyer, a novice TeAE of Vehumet (D:8)
  2 unseen horrors
  2 deep elf archers (Vaults:1)
  2 wizards
  5 ironbrand convokers
  A swamp dragon (shapeshifter) (D:12)
  2 necromancers (D:14)
  8 orc knights
  10 orb spiders
  24 ugly things
  6 orc sorcerers
  27 wolf spiders
  An oklob plant (Lair:2)
  5 deep elf magi
  9 cyclopes
  17 elephants
  4 moths of wrath
  A centaur zombie (D:14)
  A merfolk siren (Lair:4)
  A manticore (D:15)
  10 vault sentinels
  A guardian serpent (Lair:6)
  14 black mambas
  2 gargoyles
  5 centaur skeletons
  16 spiny frogs
  2 torpor snails
  5 rime drakes
  5 komodo dragons
  A spiny frog (shapeshifter) (Vaults:1)
  A yaktaur (Vaults:1)
  13 demonic crawlers
  2 ice devils (D:14)
  3 kobold demonologists
  2 komodo dragons (shapeshifter)
  A polar bear (Lair:4)
  A hellwing (Abyss:1)
  2 tengu conjurers
  44 jumping spiders
  4 trolls
  A troll (shapeshifter) (Vaults:1)
  3 merfolk (Lair:4)
  3 meliai (D:14)
  Grinder (D:4)
  11 hornets
  A harpy skeleton (D:15)
  17 dream sheep
  A hornet (shapeshifter) (Vaults:1)
  A stone giant simulacrum (Vaults:1)
  11 hippogriffs
  Prince Ribbit (D:8)
  23 blink frogs
  2 small abominations (Abyss:1)
  65 redbacks
  A ynoxinul (Abyss:1)
  31 tarantellas
  2 shadows
  25 yaks
  3 water elementals (D:14)
  12 wyverns
  3 vampires
  Grum (D:8)
  5 wraiths
  4 hungry ghosts
  2 hogs (Spider:3)
  A basilisk (shapeshifter) (D:12)
  A basilisk (D:12)
  20 humans
  5 vampire mosquitoes
  2 wargs (Orc:2)
  Menkaure (D:6)
  2 chaos spawn (Abyss:1)
  21 soldier ants
  4 acid dragons
  24 water moccasins
  Duvessa (D:7)
  5 porcupines
  2 black bears
  4 ice beasts
  29 orc warriors
  3 eyes of draining
  14 ogres
  32 wolves
  4 boggarts
  3 phantoms
  6 sky beasts
  9 centaurs
  11 crocodiles
  3 big kobolds
  19 bullfrogs
  A gnoll sergeant (D:11)
  A wyvern skeleton (D:12)
  A water moccasin zombie (D:12)
  8 scorpions
  Dowan (D:7)
  5 killer bees (D:7)
  7 wights
  2 electric eels
  3 crimson imps
  2 howler monkeys
  A quasit (D:7)
  4 jellies
  A bullfrog skeleton (D:8)
  16 orc priests
  8 hounds
  23 orc wizards
  An iguana (D:5)
  36 worker ants
  Ijyb (D:4)
  A hound zombie (D:5)
  A hound skeleton (D:5)
  2 worker ant zombies
  Robin (D:2)
  A howler monkey skeleton (D:8)
  12 adders
  5 gnolls (D:11)
  2 shadow imps
  A white imp (Abyss:1)
  An ufetubus (Abyss:1)
  An ooze (D:2)
  An adder zombie (D:5)
  An adder skeleton (D:5)
  9 worms
  4 dart slugs
  7 leopard geckos
  61 orcs
  A ball python (D:8)
  7 giant cockroaches
  14 hobgoblins
  14 jackals
  4 quokkas
  6 bats
  6 frilled lizards
  A giant cockroach zombie (D:6)
  2 gnoll zombies (D:3)
  17 goblins
  2 jackal skeletons
  20 kobolds
  3 quokka skeletons
  9 rats
  2 fungi
  3 plants (Lair:2)
1171 creatures vanquished.

Vanquished Creatures (others)
  An emperor scorpion (Spider:4)
  5 hydras
  A catoblepas (Lair:6)
  An unseen horror (D:12)
  A wizard (Vaults:2)
  An ironbrand convoker (Vaults:2)
  A spiny frog (Lair:6)
  A komodo dragon (Lair:6)
  A boggart (D:15)
  A centaur (Vaults:2)
  A leopard gecko (D:4)
  2 orcs
  23 fungi
  22 plants
62 creatures vanquished.

Grand Total: 1233 creatures vanquished

Notes
Turn   | Place    | Note
-------+----------+-------------------------------------------
     0 | Abyss:1  | Gargoyl the Minotaur Abyssal Knight began the quest for the Orb.
     0 | Abyss:1  | Reached XP level 1. HP: 19/19 MP: 1/1
    41 | Abyss:1  | Noticed an iron imp
    41 | Abyss:1  | Noticed a spatial vortex
    77 | Abyss:1  | Noticed a quasit
    78 | Abyss:1  | Noticed a large abomination
    79 | Abyss:1  | Found an opulent altar of Gozag.
    81 | D:1      | Escaped the Abyss
   211 | D:1      | Reached XP level 2. HP: 19/27 MP: 2/2
   245 | D:1      | Reached * piety under Lugonu
   483 | D:1      | Reached XP level 3. HP: 32/34 MP: 3/3
   516 | D:1      | Reached skill level 3 in Armour
   727 | D:1      | Reached ** piety under Lugonu
   954 | D:2      | Reached XP level 4. HP: 26/41 MP: 4/4
  1387 | D:2      | Noticed Robin
  1401 | D:2      | Killed Robin
  1410 | D:2      | Reached XP level 5. HP: 34/47 MP: 4/6
  1643 | D:2      | Reached *** piety under Lugonu
  2381 | D:3      | Found a glowing golden altar of the Shining One.
  2424 | D:3      | Reached skill level 4 in Armour
  2610 | D:3      | Found a basalt altar of Yredelemnul.
  2877 | D:4      | Found Gaepacs's Antique Armour Boutique.
  2923 | D:4      | Noticed Ijyb
  2963 | D:4      | Killed Ijyb
  3562 | D:4      | Found a stormy altar of Qazlal.
  3570 | D:4      | Reached skill level 1 in Shields
  3570 | D:4      | Reached XP level 6. HP: 55/55 MP: 7/7
  3597 | D:4      | Noticed Grinder
  3603 | D:4      | Paralysed by Grinder for 6 turns
  3610 | D:4      | Gained mutation: You have a pair of large horns on your head. [potion of mutation]
  3610 | D:4      | Gained mutation: You evolve. [potion of mutation]
  3610 | D:4      | Gained mutation: You are resistant to hostile enchantments. (MR+) [potion of mutation]
  3610 | D:4      | Gained mutation: You are robust. (+10% HP) [potion of mutation]
  3618 | D:4      | Killed Grinder
  3618 | D:4      | Reached skill level 5 in Fighting
  3618 | D:4      | Reached skill level 5 in Axes
  3912 | D:4      | Reached skill level 5 in Armour
  3912 | D:4      | Reached XP level 7. HP: 67/67 MP: 8/8
  4074 | D:5      | Entered Level 5 of the Dungeon
  4150 | D:5      | Reached **** piety under Lugonu
  4396 | D:5      | Reached XP level 8. HP: 57/75 MP: 10/10
  4397 | D:5      | Reached skill level 6 in Armour
  4756 | D:6      | Noticed a dagger
  4938 | D:6      | Noticed a hand axe
  4939 | D:6      | Found a hide-covered altar of Uskayaw.
  5118 | D:6      | Noticed Menkaure
  5123 | D:6      | Killed Menkaure
  5444 | D:7      | Found a staircase to the Ecumenical Temple.
  5573 | D:7      | Reached XP level 9. HP: 37/84 MP: 11/11
  5820 | D:7      | Reached skill level 7 in Armour
  5824 | D:7      | Reached skill level 5 in Invocations
  5988 | D:7      | Reached ***** piety under Lugonu
  6222 | D:7      | Found an opulent altar of Gozag.
  6291 | D:7      | Found an iron altar of Okawaru.
  6362 | D:7      | Found a burning altar of Makhleb.
  6363 | D:7      | Noticed Duvessa
  6363 | D:7      | Noticed Dowan
  6374 | D:7      | Killed Dowan
  6382 | D:7      | Killed Duvessa
  6720 | D:8      | Reached skill level 8 in Armour
  6721 | D:8      | Noticed Prince Ribbit
  6730 | D:8      | Killed Prince Ribbit
  6782 | D:8      | Reached skill level 5 in Shields
  6796 | D:8      | Noticed Grum
  6804 | D:8      | Killed Grum
  6804 | D:8      | Reached skill level 10 in Axes
  6814 | D:8      | Reached XP level 10. HP: 70/94 MP: 13/13
  7519 | D:8      | Noticed Zaque's ghost (novice TeAE)
  7530 | D:8      | Reached skill level 9 in Armour
  7537 | D:8      | Killed Zaque's ghost
  8274 | D:9      | Found a shattered altar of Ashenzari.
  8274 | D:9      | Found a shadowy altar of Dithmenos.
  8643 | D:9      | Found a staircase to the Lair.
  8684 | D:9      | Reached skill level 10 in Armour
  8855 | D:9      | Noticed a two-headed ogre
  8865 | D:9      | Killed a two-headed ogre
  8903 | D:10     | Entered Level 10 of the Dungeon
  8933 | D:10     | Got a wavering pewter ring
  9063 | D:10     | Noticed Nergalle
  9090 | D:10     | Noticed Erica
  9098 | D:10     | Killed Nergalle
  9106 | D:10     | Killed Erica
  9106 | D:10     | Reached XP level 11. HP: 88/103 MP: 15/15
  9575 | Lair:1   | Entered Level 1 of the Lair of Beasts
  9690 | Lair:1   | Reached skill level 11 in Armour
 10082 | Lair:1   | Identified the ring "Dohaxkumm" {Str+2 Slay+3} (You found it on level 10 of the Dungeon)
 10098 | Lair:1   | Noticed a seven-headed hydra
 10102 | Lair:1   | Banished a seven-headed hydra
 11214 | Lair:2   | Reached skill level 12 in Armour
 11291 | Lair:2   | Lost mutation: You are resistant to hostile enchantments. (MR+) [evolution]
 11291 | Lair:2   | Lost mutation: You evolve. [end of evolution]
 11300 | Lair:2   | Noticed Urug
 11325 | Lair:2   | Killed Urug
 11806 | Lair:2   | Reached XP level 12. HP: 110/114 MP: 17/17
 12559 | Lair:3   | Noticed a six-headed hydra
 12561 | Lair:3   | Banished a six-headed hydra
 12663 | Lair:3   | Found a basalt altar of Yredelemnul.
 12675 | Lair:3   | Reached skill level 13 in Armour
 13888 | Lair:4   | Found a hole to the Spider Nest.
 13902 | Lair:4   | Reached skill level 1 in Throwing
 14105 | Lair:4   | Found a staircase to the Shoals.
 14425 | Lair:4   | Noticed a four-headed hydra
 14452 | Lair:5   | Reached skill level 10 in Fighting
 14463 | Lair:5   | Reached skill level 14 in Armour
 15174 | Lair:4   | Reached XP level 13. HP: 124/124 MP: 18/18
 16630 | Lair:4   | Reached skill level 10 in Invocations
 17356 | Lair:5   | Reached skill level 15 in Armour
 18312 | Lair:6   | Entered Level 6 of the Lair of Beasts
 18512 | Lair:6   | HP: 6/127 [blink frog (8)]
 18518 | Lair:6   | Found a staircase to the Slime Pits.
 18541 | Slime:1  | Entered Level 1 of the Pits of Slime
 18880 | Lair:6   | Reached XP level 14. HP: 76/136 MP: 21/21
 18946 | Lair:6   | Paralysed by a hornet for 1 turns
 19290 | Lair:6   | Reached skill level 16 in Armour
 19304 | Lair:6   | Reached skill level 10 in Shields
 21778 | D:11     | Found a bloodstained altar of Trog.
 21844 | D:11     | Found a staircase to the Orcish Mines.
 21924 | D:11     | Reached ****** piety under Lugonu
 23046 | D:12     | Reached skill level 17 in Armour
 23500 | D:12     | Noticed Erolcha
 23502 | D:12     | Paralysed by Erolcha for 4 turns
 23511 | D:12     | Killed Erolcha
 24180 | D:13     | Reached XP level 15. HP: 114/147 MP: 22/22
 24186 | D:13     | Found Caovui's Assorted Antiques.
 24196 | D:13     | Bought a scroll of teleportation for 69 gold pieces
 24196 | D:13     | Bought a scroll of enchant weapon for 172 gold pieces
 24196 | D:13     | Bought a scroll labeled WIUHI SIFRIR for 23 gold pieces
 24197 | D:13     | Got an encrusted plate armour
 24208 | D:13     | Identified the +0 plate armour "Bentod" {rF+ Str+2} (You acquired it on level 13 of the Dungeon)
 24510 | D:13     | Noticed Josephine
 24517 | D:13     | Killed Josephine
 24745 | D:14     | Found Ylozuj's Magic Scroll Boutique.
 24785 | D:14     | Bought a scroll of teleportation for 48 gold pieces
 24785 | D:14     | Bought a scroll of teleportation for 48 gold pieces
 24870 | D:14     | Reached skill level 15 in Axes
 24946 | D:14     | Found a gate to the Vaults.
 25078 | D:14     | Found Yhetam's Antique Weapon Shop.
 25087 | D:14     | Found Houcol's Magic Scroll Shoppe.
 25120 | D:14     | Bought a scroll of brand weapon for 280 gold pieces
 25120 | D:14     | Bought a scroll of enchant weapon for 105 gold pieces
 25120 | D:14     | Bought a scroll of teleportation for 42 gold pieces
 25246 | D:14     | Noticed Roxanne
 25602 | D:14     | Found Zauklomn's Assorted Antiques.
 25621 | D:14     | Bought a potion of heal wounds for 135 gold pieces
 25621 | D:14     | Bought a scroll of teleportation for 81 gold pieces
 27011 | D:14     | Escaped the Abyss
 27024 | D:14     | Killed Roxanne
 27182 | D:15     | Entered Level 15 of the Dungeon
 27688 | D:15     | Noticed Louise
 27691 | D:15     | Noticed Nattfarinn's ghost (journeyman MiBe)
 27781 | D:14     | Killed Louise
 28249 | D:15     | Killed Nattfarinn's ghost
 28519 | D:15     | Got a translucent cloak
 28530 | D:15     | Identified the +2 cloak of the Everdark {rPois Dex+6} (You acquired it on level 15 of the Dungeon)
 28566 | D:15     | Reached skill level 18 in Armour
 29080 | D:15     | Found a staircase to the Depths.
 29092 | D:15     | Noticed a fire giant
 29115 | D:15     | Killed a fire giant
 29115 | D:15     | Reached XP level 16. HP: 32/158 MP: 24/24
 29895 | Orc:1    | Entered Level 1 of the Orcish Mines
 30220 | Orc:2    | Entered Level 2 of the Orcish Mines
 31136 | Orc:2    | Found a staircase to the Elven Halls.
 31851 | Orc:2    | Found Obruney's Weapon Boutique.
 31855 | Orc:2    | Found Daorchon's Armour Emporium.
 31863 | Orc:2    | Found Hirphous's Book Emporium.
 31874 | Orc:2    | Found Hoanotey's Weapon Boutique.
 31882 | Orc:2    | Bought a +2 war axe of flaming for 256 gold pieces
 32201 | Spider:1 | Entered Level 1 of the Spider Nest
 32690 | Spider:1 | Got a pair of jewelled gloves
 32701 | Spider:1 | Identified the +2 pair of gloves of Music {Int+4} (You found it on level 1 of the Spider Nest)
 33766 | Spider:2 | Got a scorched marble ring
 33969 | Spider:2 | Identified the ring "Lemnos" {rCorr rN++ Slay+3} (You found it on level 2 of the Spider Nest)
 34514 | Spider:2 | Reached skill level 19 in Armour
 34767 | Spider:3 | Reached XP level 17. HP: 113/169 MP: 26/26
 35378 | Spider:3 | Noticed Kirke
 35389 | Spider:3 | Killed Kirke
 35450 | Spider:3 | Noticed Arachne
 35477 | Spider:3 | Killed Arachne
 35797 | Spider:4 | Entered Level 4 of the Spider Nest
 35799 | Spider:4 | Noticed Nikola
 35815 | Spider:4 | Banished Nikola
 36433 | Spider:4 | Reached skill level 15 in Fighting
 38044 | Spider:4 | Reached skill level 5 in Dodging
 38325 | Spider:4 | Got a gossamer rune of Zot
 38724 | Vaults:1 | Entered Level 1 of the Vaults
 39106 | Vaults:1 | Reached XP level 18. HP: 29/179 MP: 27/27
 39158 | Vaults:1 | Noticed Asterion
 39220 | Vaults:2 | Found Oweith's Weapon Emporium.
 39223 | Vaults:2 | Paralysed by a wizard for 7 turns
 39230 | Vaults:2 | Reached skill level 20 in Armour
 39805 | Vaults:2 | Found Leriumu's Antique Weapon Shoppe.
 39863 | Vaults:1 | Killed Asterion
 39891 | Vaults:1 | Noticed an iron giant
 39903 | Vaults:1 | Killed an iron giant
 41614 | Vaults:2 | Shot with a bolt by a yaktaur captain

Skill      XL: |  1  2  3  4  5  6  7  8  9 10 11 12 13 14 15 16 17 18 |
---------------+-------------------------------------------------------+-----
Fighting       | 4 5 6 7 9 10 11 12 13 14 15 16 | 16.3
Invocations    | 2 3 4 5 7 8 9 10 11 12 13 14 | 14.8
Armour         | 3 4 5 6 8 10 12 14 15 17 18 19 20 | 20.4
Axes           | 3 4 5 6 8 10 11 12 13 14 16 17 18 | 18.4
Dodging        | 2 3 4 5 |  5.2
Shields        | 1 3 5 6 7 8 9 11 12 13 14 | 14.8
Throwing       | 1 |  1.6
Evocations     | |  0.5

Action                   |  1- 3 |  4- 6 |  7- 9 | 10-12 | 13-15 | 16-18 || total
-------------------------+-------+-------+-------+-------+-------+-------++-------
Melee: Hand axe          |    78 |   146 |   321 |   644 |   987 |    21 ||  2197
       Headbutt          |     5 |    19 |    72 |   127 |   418 |   436 ||  1077
       Unarmed           |       |    33 |       |       |       |       ||    33
       War axe           |       |       |       |       |   304 |   838 ||  1142
       Broad axe         |       |       |       |       |       |   266 ||   266
Throw: Javelin           |       |       |       |     3 |     7 |       ||    10
Invok: Depart the Abyss  |     1 |       |       |       |     1 |       ||     2
       Banish            |       |       |       |     6 |    16 |     6 ||    28
       Enter the Abyss   |       |       |       |       |     1 |       ||     1
       Bend Space        |       |       |       |       |       |     2 ||     2
Evoke: Wand              |       |       |     3 |     3 |       |     1 ||     7
  Use: Scroll            |     4 |     9 |     2 |    14 |    16 |    12 ||    57
       Potion            |       |     4 |     2 |     1 |     5 |     4 ||    16
 Stab: Distracted        |       |       |       |       |       |     1 ||     1
  Eat: Chunk             |       |     8 |    11 |    25 |    33 |    31 ||   108
       Bread ration      |       |       |     1 |     1 |     4 |     2 ||     8
       Fruit             |       |       |       |       |     3 |       ||     3
       Royal jelly       |       |       |       |       |     1 |       ||     1
Armor: Ring mail         |    52 |    58 |     7 |       |       |       ||   117
       Leather armour    |     2 |       |       |       |       |       ||     2
       Skin              |       |     1 |       |       |       |       ||     1
       Scale mail        |       |       |    30 |       |       |       ||    30
       Chain mail        |       |       |    91 |    48 |       |       ||   139
       Plate armour      |       |       |       |   300 |   661 |   733 ||  1694
Dodge: Dodged            |    86 |   100 |   132 |   184 |   391 |   502 ||  1395
Block: Buckler           |     7 |    34 |   105 |   236 |   569 |   719 ||  1670
